 Dungeon Crawl Stone Soup version 0.17-a0-1914-gde4187c (webtiles) character file.

455 matakusis the Ducker (level 6, -7/47 HPs)
             Began as a Demonspawn Gladiator on Sept 26, 2015.
             Mangled by Loris's ghost (10 damage)
             ... on level 4 of the Dungeon.
             The game lasted 00:12:36 (3357 turns).

matakusis the Ducker (Demonspawn Gladiator)         Turns: 3357, Time: 00:12:36

Health: -7/47      AC:  5    Str: 16    XL:     6   Next: 76%
Magic:  6/6        EV: 14    Int:  9    God:
Gold:   178        SH:  0    Dex: 15    Spells: 0 memorised, 5 levels left

rFire  . . .     SeeInvis .     j - +0 hand axe (chop)
rCold  . . .     Clarity  .     b - +1 leather armour
rNeg   . . .     SustAt   .     (no shield)
rPois  .         Gourm    .     c - +0 helmet
rElec  .         Spirit   .     (no cloak)
rCorr  +         Warding  .     (no gloves)
rMut   .         Stasis   .     (no boots)
MR     .....                    h - amulet of resist corrosion
Stlth  +.........               (no ring)
                                (no ring)

@: not resistant to hostile enchantments, very unstealthy
A: talons 1, powered by death 1
a: no special abilities


You were on level 4 of the Dungeon.
You were not hungry.

You visited 1 branch of the dungeon, and saw 4 of its levels.

You collected 178 gold pieces.

Inventory:

Hand weapons
 j - a +0 hand axe of chopping (weapon)
Missiles
 d - 3 throwing nets (quivered)
 g - 5 tomahawks
 q - 17 poisoned needles
Armour
 b - a +1 leather armour (worn)
 c - a +0 helmet (worn)
Jewellery
 h - an amulet of resist corrosion (around neck)
Magical devices
 a - a wand of polymorph (17)
 l - a wand of frost (17)
Scrolls
 i - a scroll of enchant weapon
 k - 2 scrolls of remove curse
 n - 2 scrolls of recharging
 p - a scroll of teleportation
Potions
 m - 2 potions of magic
Comestibles
 e - 2 bread rations
 f - 2 beef jerkies
 o - 5 chunks of flesh


   Skills:
 + Level 3.3 Fighting
 + Level 4.0 Axes
 + Level 1.7 Throwing
 + Level 2.0 Armour
 * Level 5.2 Dodging


You had 5 spell levels left.
You didn't know any spells.

Dungeon Overview and Level Annotations

Branches:
Dungeon (4/15)
 Temple: D:4-7

Altars:
Ashenzari
Fedhas
Okawaru
Sif Muna
Trog

Annotations:
D:4 Loris's ghost, average HEWz


Innate Abilities, Weirdness & Mutations

You have sharp toenails.
You regenerate a little health from kills.


Message History

Okay, then.
You slash Loris's ghost!
You claw Loris's ghost, but do no damage.
Loris's ghost is heavily damaged.
Loris's ghost hits you.
* * * LOW HITPOINT WARNING * * *
Loris's ghost freezes you.
* * * LOW HITPOINT WARNING * * *
You barely miss Loris's ghost.
Loris's ghost is heavily damaged.
Loris's ghost casts a spell at you. The magic dart hits you!
You hit Loris's ghost but do no damage.
You claw Loris's ghost, but do no damage.
Loris's ghost is heavily damaged.
Loris's ghost misses you.
You barely miss Loris's ghost. Your kick misses Loris's ghost.
Loris's ghost is heavily damaged.
Loris's ghost hits you!
You die...

.).#.' ...#.
.#.'#####
####.........
.#
...........##
.# ..........[.
.#
#W........###
.#
#.##@##........
.##
#............#
..#
###..........#
#.#
##.##.#..#.# #
#######.#..#.#
#
.............#
#######.#.#..#
#.....#....#
#.###.####.#


You could see Loris's ghost.

Vanquished Creatures
  Menkaure (D:4)
  A hound (D:4)
  2 orc priests
  Jessica (D:3)
  An orc wizard (D:4)
  6 adders
  5 gnolls (D:3)
  An ooze (D:2)
  An adder skeleton (D:3)
  5 worms
  3 giant geckos
  10 orcs
  A ball python (D:1)
  9 goblins
  7 hobgoblins
  5 kobolds
  8 bats
  A giant cockroach (D:2)
  5 giant newts
  A quokka (D:2)
  5 rats
79 creatures vanquished.

Vanquished Creatures (others)
  An orc (D:4)
1 creature vanquished.

Grand Total: 80 creatures vanquished

Notes
Turn   | Place    | Note
--------------------------------------------------------------
     0 | D:1      | matakusis the Demonspawn Gladiator began the quest for the Orb.
     0 | D:1      | Reached XP level 1. HP: 16/16 MP: 1/1
   416 | D:1      | Gained mutation: You regenerate a little health from kills. [demonic ancestry]
   416 | D:1      | Reached XP level 2. HP: 19/22 MP: 2/2
   417 | D:1      | Reached skill level 3 in Dodging
   928 | D:2      | Found a deep blue altar of Sif Muna.
   996 | D:2      | Reached XP level 3. HP: 26/28 MP: 3/3
  1379 | D:2      | Reached XP level 4. HP: 19/34 MP: 4/4
  1760 | D:2      | Reached skill level 1 in Armour
  1760 | D:2      | Reached skill level 4 in Dodging
  1782 | D:2      | Found a blossoming altar of Fedhas.
  2055 | D:3      | Noticed Jessica
  2062 | D:3      | HP: 1/34 [Jessica (5)]
  2070 | D:3      | Killed Jessica
  2070 | D:3      | Gained mutation: You have sharp toenails. [demonic ancestry]
  2070 | D:3      | Reached XP level 5. HP: 29/39 MP: 5/5
  2536 | D:3      | Found an iron altar of Okawaru.
  2698 | D:3      | Found a bloodstained altar of Trog.
  2698 | D:3      | Found a shattered altar of Ashenzari.
  2886 | D:4      | Noticed Menkaure
  2922 | D:4      | Reached XP level 6. HP: 9/47 MP: 6/6
  2979 | D:4      | Killed Menkaure
  2979 | D:4      | Reached skill level 5 in Dodging
  3342 | D:4      | Noticed Loris's ghost (average HEWz)
  3354 | D:4      | HP: 2/47 [Loris's ghost (1)]
  3357 | D:4      | Mangled by Loris's ghost

Vault maps used:
D:1:      lemuel_arrival_cross, serial_glass, glass_columns_c, glass_columns_a,
          glass_columns_a, glass_columns_a, glass_columns_b, glass_columns_a
D:2:      old_standard_altar, fedhas_altar_4
D:3:      okawaru_altar_gauntlet_db, gammafunk_temple_overflow_elements,
          uniq_jessica
D:4:      minivault_11, uniq_menkaure

Action                   |  1- 3 |  4- 6 || total
-------------------------+-------+-------++-------
Melee: War axe           |   128 |   112 ||   240
       Hand axe          |       |    67 ||    67
  Use: Scroll            |       |     8 ||     8
       Potion            |       |     4 ||     4
 Stab: Sleeping          |     1 |     1 ||     2
  Eat: Chunk             |     1 |     7 ||     8
